[Event "Titled Tuesday Blitz February 22 Early 2022"]
[White "Brunner, Nicolas"]
[Black "Gelman, Alexander"]
[WhiteFideId "620246"]
[BlackFideId "4118316"]
[WhiteElo "2372"]
[BlackElo "2375"]
[Result "1/2-1/2"]
[Round "07"]
[TimeControl "180+1"]
[Date "2022.02.22"]
[WhiteClock "0:00:11"]
[BlackClock "0:00:10"]

1. d4 Nf6 2. c4 c5 3. d5 b5 4. cxb5 a6 5. b6 d6 6. Nc3 Nbd7 7. e4 g6 8. Nf3 Bg7 9. Be2 O-O 10. O-O Rb8 11. Bf4 Nh5 12. Bg5 Rxb6 13. Qd2 Re8 14. b3 Rb4 15. Bd3 Ne5 16. Nxe5 Bxe5 17. f4 Bg7 18. f5 Qa5 19. Rac1 Rd4 20. Be3 Qb4 21. Bxd4 Qxd4+ 22. Kh1 gxf5 23. Ne2 Qe5 24. Qg5 fxe4 25. Qxe5 Bxe5 26. Bxe4 Nf6 27. Bf3 Bb7 28. Rfd1 a5 29. Nc3 Kg7 30. g3 h5 31. Kg2 h4 32. g4 Rh8 33. h3 Ra8 34. Na4 Nh7 35. Nb6 Ra6 36. Nc4 Bg3 37. Ne3 Bc8 38. Be4 Ng5 39. Nf5+ Bxf5 40. Bxf5 a4 41. Re1 axb3 42. axb3 Kf8 43. Rc2 Ra3 44. Re3 Bf4 45. Rd3 Be5 46. Re2 f6 47. Rc2 Ra1 48. Re3 Ra3 49. Rd3 Ke8 50. Bg6+ Kf8 51. Bf5 1/2-1/2


[Site "https://www.chess.com"]

[Event "Titled Tuesday Blitz February 22 Early 2022"]
[White "Buscar, Michael"]
[Black "Janaszak, Dawid"]
[WhiteFideId "2603616"]
[BlackFideId "1119206"]
[WhiteElo "2010"]
[BlackElo "2199"]
[Result "1/2-1/2"]
[Round "07"]
[TimeControl "180+1"]
[Date "2022.02.22"]
[WhiteClock "0:00:33"]
[BlackClock "0:00:12"]

1. c4 g6 2. g3 Bg7 3. Bg2 Nf6 4. e3 O-O 5. Ne2 e6 6. O-O d5 7. cxd5 exd5 8. d3 Bf5 9. Nbc3 Qd7 10. Bd2 c6 11. Rc1 Na6 12. Be1 Rfe8 13. Nd4 Bg4 14. Bf3 h5 15. Nce2 c5 16. Bxg4 Nxg4 17. Nb3 b6 18. Bc3 Ne5 19. Bxe5 Bxe5 20. d4 cxd4 21. Nbxd4 Nc5 22. b4 Ne4 23. b5 h4 24. Kg2 a6 25. a4 axb5 26. axb5 Ra2 27. Qb3 Rea8 28. Rc2 R2a3 29. Qb1 Kg7 30. Rc6 Rh8 31. Ng1 hxg3 32. hxg3 Nd2 33. Qb2 Rd3 34. Rd1 Nc4 35. Qe2 Rxd1 36. Qxd1 Qe7 37. Ndf3 Bf6 38. Qxd5 Nxe3+ 39. fxe3 Qxe3 40. Rxf6 Kxf6 41. Qd4+ Qxd4 42. Nxd4 Ke5 43. Ngf3+ Kd5 44. Nc6 Kc5 45. Nce5 Rh7 46. Ng5 Rh5 47. Ngxf7 Kxb5 48. Nxg6 Ka4 49. Nf4 Rf5 50. Nd6 Rf6 51. Ne4 Rf8 52. Kf3 b5 53. Ke3 b4 54. Nc5+ Ka3 55. Nfe6 Rh8 56. Nd4 Re8+ 57. Kf4 Rc8 58. Ncb3 Rf8+ 59. Ke4 Rg8 60. Kf3 Kb2 61. g4 Kc3 62. Kf4 Kc4 63. Kf5 Kd5 64. g5 Rf8+ 65. Kg4 Ke5 66. Kh5 Rh8+ 67. Kg6 Kf4 68. Ne6+ Kg4 69. Ned4 Rh5 70. Ne6 Rh3 71. Nbd4 b3 72. Nxb3 Rxb3 73. Nf8 Rb6+ 74. Kf7 Kxg5 75. Ne6+ Kf5 76. Nf8 Ke5 77. Nd7+ Kd6 78. Nxb6 1/2-1/2


[Site "https://www.chess.com"]

[Event "Titled Tuesday Blitz February 22 Early 2022"]
[White "Butti, Enrique"]
[Black "Petrova, Irina"]
[WhiteFideId "3700470"]
[BlackFideId "14124122"]
[WhiteElo "2080"]
[BlackElo "1988"]
[Result "0-1"]
[Round "07"]
[TimeControl "180+1"]
[Date "2022.02.22"]
[WhiteClock "0:02:35"]
[BlackClock "0:02:49"]

1. d4 d6 2. e4 Nf6 3. Nc3 e5 4. Nf3 Nbd7 5. Rg1 g6 6. g4 Bg7 7. Be3 O-O 8. Qd2 Re8 9. d5 Nc5 10. Bxc5 dxc5 11. O-O-O 0-1


[Site "https://www.chess.com"]

[Event "Titled Tuesday Blitz February 22 Early 2022"]
[White "Cherniaiev, Tykhon"]
[Black "Oparin, Grigoriy"]
[WhiteFideId "14182360"]
[BlackFideId "24125890"]
[WhiteElo "2289"]
[BlackElo "2685"]
[Result "1/2-1/2"]
[Round "07"]
[TimeControl "180+1"]
[Date "2022.02.22"]
[WhiteClock "0:00:16"]
[BlackClock "0:00:20"]

1. Nf3 c5 2. c4 Nf6 3. b3 e6 4. Bb2 d5 5. cxd5 exd5 6. g3 Nc6 7. Bg2 Be7 8. O-O d4 9. Na3 O-O 10. Rc1 Bg4 11. Nc4 Bh5 12. Nce5 Rc8 13. Nxc6 Rxc6 14. d3 Re8 15. Qd2 Bf8 16. Rfe1 Rce6 17. h3 b6 18. b4 Nd5 19. g4 Bg6 20. Ng5 Re5 21. Nf3 R5e6 22. Ng5 Rc6 23. bxc5 bxc5 24. Ne4 h5 25. Bxd4 hxg4 26. hxg4 Bxe4 27. Bxe4 Rh6 28. g5 Rh5 29. Be3 Nxe3 30. Qxe3 Rxg5+ 31. Kf1 f5 32. Bd5+ Qxd5 33. Qxg5 Re6 34. Rc4 Be7 35. Qg2 Qe5 36. Qg3 Qd5 37. Qg2 Qe5 38. Qg3 Qb2 39. Qf3 Qe5 40. Qg3 1/2-1/2


[Site "https://www.chess.com"]

[Event "Titled Tuesday Blitz February 22 Early 2022"]
[White "Chigaev, Maksim"]
[Black "Jacobson, Aaron"]
[WhiteFideId "4108116"]
[BlackFideId "2089912"]
[WhiteElo "2502"]
[BlackElo "2265"]
[Result "1-0"]
[Round "07"]
[TimeControl "180+1"]
[Date "2022.02.22"]
[WhiteClock "0:01:01"]
[BlackClock "0:00:02"]

1. d4 Nf6 2. Nf3 d5 3. c4 e6 4. g3 h6 5. Bg2 Bd6 6. O-O O-O 7. Nbd2 b6 8. b3 Bb7 9. Bb2 Nbd7 10. Ne5 c5 11. cxd5 exd5 12. Ndc4 Be7 13. Nxd7 Qxd7 14. dxc5 dxc4 15. Qxd7 Nxd7 16. Bxb7 Rad8 17. c6 Nc5 18. c7 Rd2 19. Bc1 Nxb7 20. Bxd2 Rc8 21. Rfc1 b5 22. bxc4 b4 23. Rab1 a5 24. a3 Nc5 25. axb4 Ne4 26. Be1 a4 27. Ra1 Rxc7 28. Rxa4 Kh7 29. c5 g5 30. c6 Nd6 31. Ra6 Kg6 32. Rb6 Nc8 33. Rb7 Bd6 34. b5 Kf6 35. Ba5 Rxb7 36. cxb7 Na7 37. Bc7 Nxb5 38. Bxd6 Nxd6 39. b8=Q Nf5 40. Rc6+ Kg7 41. Qe5+ f6 42. Qxf6+ Kg8 43. Rc8+ Kh7 44. Rh8# 1-0


[Site "https://www.chess.com"]

[Event "Titled Tuesday Blitz February 22 Early 2022"]
[White "Chojnacki, Slawomir"]
[Black "Iskusnyh, Sergei"]
[WhiteFideId "1117076"]
[BlackFideId "4120027"]
[WhiteElo "2084"]
[BlackElo "2492"]
[Result "0-1"]
[Round "07"]
[TimeControl "180+1"]
[Date "2022.02.22"]
[WhiteClock "0:00:04"]
[BlackClock "0:01:15"]

1. d4 d5 2. Nf3 Nf6 3. Bg5 Ne4 4. Bh4 Qd6 5. c3 Qh6 6. Bg3 Nxg3 7. fxg3 Nc6 8. Qc2 g6 9. Nbd2 Bg7 10. e4 dxe4 11. Qxe4 O-O 12. Bb5 Bd7 13. O-O a6 14. Bxc6 Bxc6 15. Qxe7 Rae8 16. Qxc7 Re2 17. Qf4 g5 18. Qg4 f5 19. Qh3 g4 20. Qxh6 Bxh6 21. Rae1 gxf3 22. Nxf3 Bxf3 23. gxf3 Rxb2 24. Re7 b5 25. Re6 Bd2 26. Rxa6 Bxc3 27. d5 Rd2 28. d6 Re8 29. Rb1 b4 30. a3 Ree2 31. axb4 Rg2+ 32. Kf1 Rxh2 33. Ra8+ Kg7 34. Rb3 Rh1# 0-1


[Site "https://www.chess.com"]

[Event "Titled Tuesday Blitz February 22 Early 2022"]
[White "Coelho, Ramyres Santana"]
[Black "Krylov, Ivan"]
[WhiteFideId "2120690"]
[BlackFideId "24128066"]
[WhiteElo "1888"]
[BlackElo "2258"]
[Result "0-1"]
[Round "07"]
[TimeControl "180+1"]
[Date "2022.02.22"]
[WhiteClock "0:00:38"]
[BlackClock "0:00:34"]

1. e4 c6 2. d4 d5 3. Nc3 dxe4 4. Nxe4 Nd7 5. Qe2 Ndf6 6. Nxf6+ Nxf6 7. Nf3 Bg4 8. Be3 e6 9. h3 Bh5 10. g4 Bg6 11. Ne5 Bd6 12. Bg2 Qc7 13. f4 Be4 14. Bxe4 Nxe4 15. O-O h5 16. Rf3 hxg4 17. hxg4 O-O-O 18. c3 Nf6 19. Rg3 Rh4 20. g5 Nd5 21. Rf1 Rdh8 22. Rg2 Rh3 23. Rf3 Rh1+ 24. Kf2 f6 25. Nd3 R8h2 26. Rg3 Bxf4 27. Nxf4 Nxf4 28. Bxf4 Qxf4+ 29. Qf3 Qd2+ 30. Qe2 Rxg2+ 31. Rxg2 Qf4+ 32. Qf3 Rf1+ 33. Kxf1 Qxf3+ 34. Rf2 Qd1+ 35. Kg2 Qg4+ 36. Kf1 Qxg5 37. Rg2 Qc1+ 38. Kf2 Qxb2+ 39. Kg3 Qxc3+ 40. Kh4 Qxd4+ 41. Kh5 Qd1+ 42. Kg6 Qd7 43. Rh2 Kc7 44. a4 c5 45. a5 c4 46. Rh4 Qd5 47. Kxg7 Qg5+ 48. Kf7 Qxh4 49. Kxe6 c3 50. Kd5 c2 51. a6 c1=Q 52. axb7 Qhc4# 0-1


[Site "https://www.chess.com"]

[Event "Titled Tuesday Blitz February 22 Early 2022"]
[White "Csonka, Balazs"]
[Black "Pires, Marcos Vinicius Torsani"]
[WhiteFideId "742910"]
[BlackFideId "2118939"]
[WhiteElo "2404"]
[BlackElo "2273"]
[Result "1/2-1/2"]
[Round "07"]
[TimeControl "180+1"]
[Date "2022.02.22"]
[WhiteClock "0:00:04"]
[BlackClock "0:00:13"]

1. d4 Nf6 2. c4 g6 3. Nc3 Bg7 4. e4 d6 5. Nf3 O-O 6. Be2 e5 7. O-O Nc6 8. d5 Ne7 9. Qc2 Nd7 10. Rd1 h6 11. Ne1 f5 12. f3 f4 13. Rb1 g5 14. b4 Ng6 15. c5 Nf6 16. Ba3 Rf7 17. Rbc1 Bf8 18. Kh1 g4 19. cxd6 cxd6 20. Nb5 Ne8 21. fxg4 a6 22. Nc3 b5 23. h3 Nh4 24. Nf3 h5 25. gxh5 Rg7 26. Rg1 Rg3 27. Rcf1 Ng7 28. Bc1 Nxh5 29. Bd2 Bd7 30. Be1 Rc8 31. Qd2 Qf6 32. Nxh4 Qxh4 33. Bxh5 Qxh5 34. Bxg3 fxg3 35. Qe1 Bxh3 36. Qxg3+ Bg4+ 37. Qh2 Qg6 38. Nd1 Rc7 39. Ne3 Rh7 40. Nxg4 Qxg4 41. Rxf8+ Kg7 42. Qxh7+ Kxh7 43. Rf7+ Kg6 44. Rf3 Qh4+ 45. Rh3 Qxe4 46. Rf1 Qxd5 47. Rg3+ Kh5 48. Rh3+ Kg4 49. Kh2 e4 50. Rg3+ Kh5 51. Rh3+ Kg4 52. Rg3+ Kh5 53. Rh3+ Kg5 54. Rg3+ Kh4 55. Rh3+ Kg4 1/2-1/2


[Site "https://www.chess.com"]

[Event "Titled Tuesday Blitz February 22 Early 2022"]
[White "Dauner, Benedikt"]
[Black "Lakshmi C"]
[WhiteFideId "16225899"]
[BlackFideId "25035347"]
[WhiteElo "2230"]
[BlackElo "1775"]
[Result "1-0"]
[Round "07"]
[TimeControl "180+1"]
[Date "2022.02.22"]
[WhiteClock "0:00:22"]
[BlackClock "0:00:11"]

1. e4 e5 2. Nf3 Nc6 3. c3 Nf6 4. d4 exd4 5. e5 Nd5 6. Qb3 Nb6 7. cxd4 d5 8. Bb5 a6 9. Bxc6+ bxc6 10. Qc2 Bd7 11. O-O Be7 12. Nbd2 O-O 13. Nb3 f5 14. Na5 Qe8 15. Re1 Bb4 16. Bd2 Bxa5 17. Bxa5 Qg6 18. b3 Rae8 19. Qd2 f4 20. Kh1 Bg4 21. Qc3 Re6 22. Rac1 Qh5 23. Ng1 f3 24. Re3 Rh6 25. h3 Qh4 26. Nxf3 Qxf2 27. Nh2 Bf5 28. Qe1 Qf4 29. Bb4 Re8 30. Rf3 Qg5 31. Bd2 Qh5 32. Bxh6 Be4 33. Be3 Bxf3 34. Nxf3 Nd7 35. Rxc6 Qxe5 36. dxe5 1-0


[Site "https://www.chess.com"]

[Event "Titled Tuesday Blitz February 22 Early 2022"]
[White "De Souza Sa, Apolo"]
[Black "Kozak, Alexander"]
[WhiteFideId "324225390"]
[BlackFideId "4135881"]
[WhiteElo "1828"]
[BlackElo "2251"]
[Result "0-1"]
[Round "07"]
[TimeControl "180+1"]
[Date "2022.02.22"]
[WhiteClock "0:00:03"]
[BlackClock "0:00:15"]

1. d4 g6 2. c4 Bg7 3. f3 d6 4. e4 e5 5. d5 f5 6. Nc3 Nf6 7. exf5 Bxf5 8. Nge2 O-O 9. Ng3 Na6 10. Be2 Nc5 11. O-O a5 12. Bg5 h6 13. Be3 b6 14. Bxc5 bxc5 15. Bd3 Bxd3 16. Qxd3 Qe8 17. Nge4 Nh5 18. g3 a4 19. Nb5 Qf7 20. b3 g5 21. Kg2 Kh8 22. Qe2 Rg8 23. Qc2 a3 24. Rf2 Bf8 25. Raf1 Qd7 26. Qe2 Qf7 27. Qd3 Qd7 28. Qe2 Qf7 29. Kh1 Rg7 30. Nbc3 Qg6 31. Nb5 Rf7 32. Qc2 Ng7 33. Kg2 Nf5 34. g4 Ne3+ 35. Kg3 Nxc2 36. Rxc2 Rc8 37. Re2 Rf4 38. Kg2 Qf7 39. Ng3 c6 40. Nc3 Rd4 41. dxc6 Rxc6 42. Nh5 Be7 43. Nb5 Rf4 44. Nxa3 Ra6 45. Nb5 Rf6 46. Nc7 Ra7 47. Nd5 Ra8 48. Rd2 Re6 49. Nb6 Ra7 50. Nd5 Ra6 51. Ne3 Ra7 52. Nf5 Rf6 53. Nfg3 Re6 54. Ne4 Rg6 55. Neg3 Rg8 56. Nf5 Rf8 57. Nxh6 Qg6 58. Nf5 Rxf5 59. gxf5 Qxh5 60. Rfd1 Qf7 61. Rxd6 Bxd6 0-1


[Site "https://www.chess.com"]

[Event "Titled Tuesday Blitz February 22 Early 2022"]
[White "De Verdier, Michael"]
[Black "Zlatin, Alexander"]
[WhiteFideId "1710516"]
[BlackFideId "2810549"]
[WhiteElo "2301"]
[BlackElo "2228"]
[Result "1-0"]
[Round "07"]
[TimeControl "180+1"]
[Date "2022.02.22"]
[WhiteClock "0:00:14"]
[BlackClock "0:00:04"]

1. d4 d5 2. Bf4 e6 3. e3 Bd6 4. Bg3 c5 5. c3 Nc6 6. Nd2 Nf6 7. Ngf3 O-O 8. Bd3 b6 9. Qe2 Bb7 10. Ne5 Ne7 11. Bh4 Nf5 12. Bxf5 exf5 13. Bxf6 gxf6 14. Nef3 f4 15. O-O Kh8 16. dxc5 bxc5 17. exf4 Bxf4 18. Rad1 Rg8 19. g3 Bd6 20. Qd3 Qd7 21. Rfe1 Qh3 22. Qf1 Qh5 23. Qe2 Rae8 24. Qxe8 Rxe8 25. Rxe8+ Kg7 26. Rde1 d4 27. Nh4 Qd5 28. Ne4 dxc3 29. Rg8+ Kxg8 30. Nxf6+ Kf8 31. Nxd5 Bxd5 32. bxc3 Bxa2 33. Ra1 Be6 34. Rxa7 Be5 35. Ra3 Bf6 36. Nf3 Bd5 37. Nd2 c4 38. f4 Kg7 39. Kf2 Be7 40. Ra5 Be6 41. f5 Bc8 42. Nxc4 Bf6 43. Ne5 Bxf5 44. c4 Bd8 45. Rd5 Bc7 46. Nf3 Be6 47. Rc5 Bb6 48. Ke3 Bxc5+ 49. Ke4 1-0


[Site "https://www.chess.com"]

[Event "Titled Tuesday Blitz February 22 Early 2022"]
[White "Deac, Bogdan-Daniel"]
[Black "Van Foreest, Jorden"]
[WhiteFideId "1226380"]
[BlackFideId "1039784"]
[WhiteElo "2646"]
[BlackElo "2609"]
[Result "1/2-1/2"]
[Round "07"]
[TimeControl "180+1"]
[Date "2022.02.22"]
[WhiteClock "0:00:04"]
[BlackClock "0:00:11"]

1. e4 e5 2. Nf3 Nc6 3. Bb5 Nf6 4. O-O Be7 5. Re1 d6 6. d4 exd4 7. Nxd4 Bd7 8. Nc3 O-O 9. Bxc6 bxc6 10. Qf3 Re8 11. e5 dxe5 12. Nxc6 Bxc6 13. Qxc6 Bd6 14. Bg5 Qd7 15. Qf3 Qe6 16. Bxf6 Qxf6 17. Qxf6 gxf6 18. Ne4 Kg7 19. Rad1 Re6 20. g4 Kg6 21. Ng3 a5 22. Re4 Rb8 23. b3 Rb4 24. Rde1 Bc5 25. Nf5 Re8 26. c3 Rxe4 27. Rxe4 Rd8 28. Ne3 Rd2 29. a4 Rb2 30. Rc4 Bb6 31. Nd5 Bxf2+ 32. Kf1 Bb6 33. Rc6 Kg5 34. Nxb6 cxb6 35. Rxb6 f5 36. gxf5 Kxf5 37. b4 axb4 38. cxb4 Ke4 39. Rf6 Rxb4 40. Rxf7 h5 41. Rh7 Kf3 42. Rf7+ Ke3 43. a5 Ra4 44. Rf5 Rxa5 45. Rxh5 Ra1+ 46. Kg2 e4 47. Rh8 Ke2 48. h4 e3 49. h5 Ra5 50. Kg3 Re5 51. h6 Ke1 52. Kf4 Re7 53. Kg5 e2 54. Ra8 Kf2 55. Ra1 Kf3 56. Ra3+ Re3 57. Ra1 Rd3 58. h7 Rd5+ 59. Kg6 Rd6+ 60. Kg7 Rd7+ 61. Kg8 Rd8+ 62. Kg7 Rd7+ 63. Kg6 Rd6+ 64. Kg7 Rd7+ 1/2-1/2


[Site "https://www.chess.com"]

[Event "Titled Tuesday Blitz February 22 Early 2022"]
[White "Demchenko, Anton"]
[Black "Klukin, Kirill"]
[WhiteFideId "4160258"]
[BlackFideId "24199273"]
[WhiteElo "2539"]
[BlackElo "2324"]
[Result "1-0"]
[Round "07"]
[TimeControl "180+1"]
[Date "2022.02.22"]
[WhiteClock "0:00:08"]
[BlackClock "0:00:08"]

1. e4 c5 2. Nf3 Nc6 3. Bb5 g6 4. O-O Bg7 5. d3 Nd4 6. Nxd4 cxd4 7. f4 a6 8. Bc4 d6 9. f5 Nf6 10. Bg5 gxf5 11. Bxf6 Bxf6 12. Qh5 Rf8 13. Nd2 Bd7 14. exf5 Bc6 15. Be6 Qc7 16. Rae1 b5 17. Re2 Qb7 18. Nf3 Bxf3 19. Rxf3 Qc6 20. Rg3 Kd8 21. Bxf7 Kc7 22. Be6 Kb6 23. Rh3 h6 24. Qg4 Rh8 25. Rh5 Be5 26. Qh3 Raf8 27. Qh4 Bf6 28. Qf2 Be5 29. g3 Kc7 30. Re4 Kb8 31. a3 Rf6 32. Qe2 Rhf8 33. Rxe5 dxe5 34. Qxe5+ Qd6 35. Qxd6+ exd6 36. Rh4 Kc7 37. Rxd4 h5 38. Kg2 Rh6 39. h3 Rh7 40. c3 Rfh8 41. Re4 Kc6 42. Kf3 Rf8 43. Kf4 Rh6 44. Re2 Rhf6 45. g4 hxg4 46. hxg4 Rh6 47. Rg2 Rh3 48. d4 d5 49. g5 Rh4+ 50. Rg4 Rh1 51. g6 Rf1+ 52. Kg5 Kd6 53. g7 Rd8 54. g8=Q Rxg8+ 55. Bxg8 Rf2 56. b4 Rf3 57. Rh4 Ke7 58. Rh7+ Kf8 59. Be6 Rxc3 60. Kf6 Ke8 61. Rh8# 1-0


[Site "https://www.chess.com"]

[Event "Titled Tuesday Blitz February 22 Early 2022"]
[White "Demin, Vladimir"]
[Black "Karabalis, Harilos"]
[WhiteFideId "4167457"]
[BlackFideId "4621808"]
[WhiteElo "2578"]
[BlackElo "2168"]
[Result "0-1"]
[Round "07"]
[TimeControl "180+1"]
[Date "2022.02.22"]
[WhiteClock "0:01:49"]
[BlackClock "0:02:09"]

1. d4 Nf6 2. g4 Nxg4 3. e4 d5 4. Be2 h5 5. h3 Nf6 6. e5 Ne4 7. Bxh5 e6 8. Bf3 Qh4 9. Be3 c5 10. c3 Nc6 11. Nd2 cxd4 12. cxd4 Bb4 13. Kf1 Bxd2 14. Bxd2 Qxf2# 0-1


[Site "https://www.chess.com"]

[Event "Titled Tuesday Blitz February 22 Early 2022"]
[White "Dev, Shah"]
[Black "Aaditya Dhingra"]
[WhiteFideId "35019058"]
[BlackFideId "25678191"]
[WhiteElo "2098"]
[BlackElo "1789"]
[Result "1-0"]
[Round "07"]
[TimeControl "180+1"]
[Date "2022.02.22"]
[WhiteClock "0:00:09"]
[BlackClock "0:00:02"]

1. d4 Nf6 2. c4 c5 3. d5 e6 4. Nc3 exd5 5. cxd5 d6 6. Nf3 g6 7. h3 Bg7 8. e4 O-O 9. Be3 Re8 10. Nd2 Nxe4 11. Ncxe4 f5 12. Bb5 Bd7 13. Nxd6 Bxb5 14. Nxb5 f4 15. O-O fxe3 16. fxe3 a6 17. Nc3 b5 18. Nf3 Rxe3 19. d6 Nd7 20. Nd5 Re8 21. Ne7+ Kh8 22. Qd5 Nf6 23. Qe6 Ra7 24. Ne5 Raxe7 25. dxe7 Qxe7 26. Qxe7 Rxe7 27. Rae1 Kg8 28. Nc6 Rc7 29. Ne7+ Kf7 30. Nd5 Rd7 31. Nxf6 Bxf6 32. Re2 Rd6 33. b3 Kg7 34. Rf3 a5 35. g4 h6 36. Kg2 c4 37. bxc4 bxc4 38. Rc2 c3 39. Rff2 Rd3 40. Rf3 Rd5 41. Kg3 Be5+ 42. Kf2 Rd1 43. Ke2 Rd7 44. Re3 Bf6 45. Rd3 Re7+ 46. Kf3 Kf7 47. Re2 Rc7 48. Rc2 Rb7 49. Rd5 Ke6 50. Rxa5 Bd4 51. Ke4 Rb2 52. Rxb2 cxb2 53. Rb5 Bc3 54. a4 Kd6 55. Kd3 Be5 56. Kc2 1-0


[Site "https://www.chess.com"]

[Event "Titled Tuesday Blitz February 22 Early 2022"]
[White "Dilmukhametov, Artur"]
[Black "Politov, Pavel Y."]
[WhiteFideId "24179922"]
[BlackFideId "24110515"]
[WhiteElo "2266"]
[BlackElo "2090"]
[Result "1-0"]
[Round "07"]
[TimeControl "180+1"]
[Date "2022.02.22"]
[WhiteClock "0:00:42"]
[BlackClock "0:00:03"]

1. e4 c5 2. f4 e6 3. Nf3 d5 4. Bb5+ Nd7 5. exd5 exd5 6. Nc3 Nf6 7. O-O a6 8. Be2 d4 9. Nb1 Bd6 10. d3 O-O 11. Qe1 Nd5 12. Qg3 N7f6 13. Ne5 Re8 14. Na3 b5 15. Bf3 Bb7 16. c4 dxc3 17. bxc3 Qc7 18. c4 Nc3 19. Bd2 Bxf3 20. Qxf3 b4 21. Bxc3 bxc3 22. Rae1 Rab8 23. Nc2 Bxe5 24. fxe5 Rxe5 25. Rxe5 Qxe5 26. Ne3 g6 27. Nd5 Qd4+ 28. Kh1 Nxd5 29. Qxf7+ Kh8 30. cxd5 c2 31. h3 Qg7 32. Qf2 1-0


[Site "https://www.chess.com"]

[Event "Titled Tuesday Blitz February 22 Early 2022"]
[White "Djokic, Mihailo"]
[Black "Martin, Lewis"]
[WhiteFideId "976440"]
[BlackFideId "410551"]
[WhiteElo "2008"]
[BlackElo "2145"]
[Result "0-1"]
[Round "07"]
[TimeControl "180+1"]
[Date "2022.02.22"]
[WhiteClock "0:00:08"]
[BlackClock "0:00:05"]

1. e4 c5 2. Nf3 d6 3. d4 cxd4 4. Nxd4 Nf6 5. Nc3 a6 6. Rg1 e5 7. Nb3 Be6 8. g4 Nc6 9. g5 Nd7 10. Nd5 Nb6 11. Be3 Na4 12. Rb1 Rc8 13. c3 Be7 14. h4 O-O 15. Be2 Nc5 16. Nxc5 dxc5 17. a4 Qa5 18. b4 cxb4 19. Nxe7+ Nxe7 20. cxb4 Qd8 21. Qxd8 Rfxd8 22. Bc5 Nc6 23. b5 Nd4 24. Bb6 Rd6 25. bxa6 bxa6 26. Bxd4 Rxd4 27. Bxa6 Rxe4+ 28. Kd2 Rd8+ 29. Kc3 Rxa4 30. Rgd1 Rf8 31. Bb7 Rxh4 32. Rb5 f6 33. gxf6 gxf6 34. Rd6 Bf5 35. Bd5+ Kg7 36. Rb7+ Kg6 37. Re7 Rf4 38. f3 Ra4 39. Rxe5 h5 40. Re1 h4 41. Rg1+ Kh5 42. Bb3 Rf4 43. Kb2 h3 44. Rd2 Rb8 45. Ka2 Ra8+ 46. Kb2 Rb8 47. Ka2 Rfb4 48. Rb2 Rxb3 49. Rxb3 Be6 50. Rh1 Bxb3+ 51. Kb2 Be6+ 52. Kc3 Kh4 53. Kd4 Kg3 54. Ke3 Kg2 55. Re1 Rb2 56. Kf4 h2 57. Rxe6 h1=Q 58. Rxf6 Qh4+ 59. Kf5 Rb5+ 60. Ke6 Rb6+ 0-1


[Site "https://www.chess.com"]

[Event "Titled Tuesday Blitz February 22 Early 2022"]
[White "Do Nascimento,Christian Almeida"]
[Black "Todorovic, Bojan"]
[WhiteFideId "2143801"]
[BlackFideId "917087"]
[WhiteElo "2108"]
[BlackElo "2266"]
[Result "1-0"]
[Round "07"]
[TimeControl "180+1"]
[Date "2022.02.22"]
[WhiteClock "0:00:05"]
[BlackClock "0:00:03"]

1. d4 Nf6 2. Bg5 Ne4 3. Bf4 c5 4. f3 Nf6 5. dxc5 Qa5+ 6. Nc3 Qxc5 7. e4 d6 8. Qd2 Nc6 9. Be3 Qa5 10. Bc4 Ne5 11. Bb3 Bd7 12. Nge2 g6 13. O-O-O Bg7 14. Kb1 O-O 15. Nd5 Qd8 16. Nxf6+ Bxf6 17. Nc3 a5 18. Nd5 a4 19. Nxf6+ exf6 20. Bd5 Bc6 21. a3 Ra5 22. Ba2 d5 23. exd5 Bd7 24. c4 b6 25. Ka1 Re8 26. h4 h5 27. Bd4 Qc7 28. Rc1 Bf5 29. Rhe1 Rd8 30. Qe3 Rc5 31. Bxc5 bxc5 32. g4 hxg4 33. fxg4 Nxg4 34. Qe7 Qa5 35. Bb1 Bxb1 36. Rxb1 Ne5 37. Rxe5 fxe5 38. Qxe5 Qd2 39. h5 Qh6 40. hxg6 Qxg6 41. Qe3 Kf8 42. Qxc5+ Rd6 43. Rg1 Qf6 44. Qc8+ Rd8 45. Qc5+ Rd6 46. Re1 Kg7 47. Qe3 Kf8 48. Qe5 Qh6 49. Ka2 Rf6 50. Qe7+ Kg7 51. Rg1+ Rg6 52. Qe5+ Kh7 53. Rxg6 Qxg6 54. Qc3 Qe4 55. Qd2 Kg6 56. Qc3 f5 57. d6 Qc6 58. Qd4 Qd7 59. c5 Kg5 60. Qd5 Kg4 61. c6 Qe8 62. d7 Qe7 63. d8=Q Qxd8 64. Qxd8 f4 65. c7 1-0


[Site "https://www.chess.com"]

[Event "Titled Tuesday Blitz February 22 Early 2022"]
[White "Dreev, Aleksey"]
[Black "Talibov, Shiroghlan"]
[WhiteFideId "4100107"]
[BlackFideId "13429078"]
[WhiteElo "2636"]
[BlackElo "2070"]
[Result "0-1"]
[Round "07"]
[TimeControl "180+1"]
[Date "2022.02.22"]
[WhiteClock "0:00:09"]
[BlackClock "0:00:18"]

1. d4 g6 2. e4 Bg7 3. Nf3 c6 4. c4 d5 5. exd5 cxd5 6. cxd5 Nf6 7. Bb5+ Bd7 8. Bc4 O-O 9. Nc3 Bg4 10. h3 Bf5 11. O-O Nbd7 12. Bg5 Nb6 13. Bxf6 Nxc4 14. Bxg7 Kxg7 15. Qb3 Nb6 16. Rfe1 Bd3 17. Ne5 Ba6 18. Re3 Qd6 19. Rae1 Rad8 20. a4 Nxd5 21. Rf3 e6 22. Ne4 Qb4 23. Qd1 f6 24. Nc5 Nc7 25. Ned7 Rf7 26. Rxe6 Rdxd7 27. Nxd7 Rxd7 28. Rexf6 Nd5 29. Re6 Qxb2 30. Kh2 Nc7 31. Re4 Qb4 32. Qc1 Qd6+ 33. g3 Ne6 34. Qb2 Qd5 35. Rfe3 Ng5 36. Rf4 Bf1 37. h4 Qg2# 0-1


[Site "https://www.chess.com"]

[Event "Titled Tuesday Blitz February 22 Early 2022"]
[White "Erdogdu, Mert"]
[Black "King, Alexander"]
[WhiteFideId "6301495"]
[BlackFideId "2063620"]
[WhiteElo "2485"]
[BlackElo "2306"]
[Result "0-1"]
[Round "07"]
[TimeControl "180+1"]
[Date "2022.02.22"]
[WhiteClock "0:00:05"]
[BlackClock "0:00:04"]

1. e4 e5 2. Nf3 Nc6 3. Bc4 Nf6 4. d3 Be7 5. O-O O-O 6. Re1 d6 7. a4 Na5 8. Ba2 c5 9. Nc3 Nc6 10. Nd5 Be6 11. c3 Re8 12. h3 h6 13. Bd2 Nb8 14. d4 cxd4 15. cxd4 Bxd5 16. Bxd5 Nxd5 17. exd5 exd4 18. Nxd4 Nd7 19. Nf5 Bf8 20. Qg4 Kh7 21. Bc3 g6 22. Ng3 Ne5 23. Qf4 Qe7 24. Re4 Bg7 25. Rae1 f5 26. R4e2 Qf7 27. Re3 Re7 28. h4 Rf8 29. R1e2 Kg8 30. f3 Qf6 31. Kf1 Rfe8 32. a5 b6 33. a6 Kh7 34. h5 Rf8 35. hxg6+ Qxg6 36. Bd4 Rfe8 37. Qh4 Bf6 38. Qf4 Rf8 39. Qxf5 Rd7 40. Bxe5 Bxe5 41. Qxd7+ Rf7 42. Qg4 Qxg4 43. Ne4 Qf4 44. Ke1 Qh2 45. Kd2 Qg1 46. g3 Qa1 47. Kc2 Qxa6 48. Kb1 Rc7 49. f4 Bg7 50. f5 Be5 51. f6 Qc4 52. g4 Rf7 53. g5 h5 54. Rg3 Kg6 55. Rge3 Bf4 56. Rf3 Bxg5 57. Rg2 Qxe4+ 58. Ka2 Qxf3 59. Rc2 Qxf6 60. Rc6 Qe5 61. b3 Qxd5 62. Ka3 Qxc6 0-1


[Site "https://www.chess.com"]

[Event "Titled Tuesday Blitz February 22 Early 2022"]
[White "Escudero Donoso, Felipe"]
[Black "Przybylski, Wojciech"]
[WhiteFideId "3410595"]
[BlackFideId "1117599"]
[WhiteElo "2184"]
[BlackElo "2133"]
[Result "1-0"]
[Round "07"]
[TimeControl "180+1"]
[Date "2022.02.22"]
[WhiteClock "0:00:06"]
[BlackClock "0:00:03"]

1. Nf3 d5 2. d4 Nf6 3. c4 c6 4. g3 Bg4 5. Ne5 Bf5 6. Qb3 Qb6 7. Nc3 e6 8. c5 Qc7 9. Bf4 Qc8 10. Bg2 Nbd7 11. Nf3 Be7 12. h3 h6 13. O-O O-O 14. g4 Bh7 15. e3 Ne4 16. Nxe4 Bxe4 17. Qc3 Qd8 18. b4 f5 19. Ne5 Nxe5 20. Bxe5 Bxg2 21. Kxg2 Bf6 22. Bxf6 Qxf6 23. f3 Rae8 24. Rae1 e5 25. dxe5 Rxe5 26. f4 Re4 27. Qxf6 Rxf6 28. gxf5 Rxf5 29. a3 Rf6 30. Kf3 Rfe6 31. Rf2 Kf7 32. Rb2 a6 33. Rb3 Rc4 34. a4 Ree4 35. Reb1 Kf6 36. R1b2 g6 37. Rb1 Kf5 38. b5 axb5 39. axb5 Rxc5 40. bxc6 bxc6 41. Rb8 Re7 42. Rf8+ Ke6 43. Rg1 Kd7 44. Rxg6 Rc3 45. Rxh6 Rexe3+ 46. Kg4 Rg3+ 47. Kf5 Rxh3 48. Rf7+ Kc8 49. Rg6 Rh8 50. Ke5 Rd8 51. f5 Rc4 52. Rgg7 Re4+ 53. Kf6 Rd6+ 54. Kg5 Rb4 55. Ra7 Kb8 56. Rae7 Rd8 57. f6 d4 58. f7 Rb5+ 59. Kh6 Rf5 60. Re8 Kc8 61. Rgg8 Rxf7 62. Rxd8+ Kc7 63. Rxd4 Rf6+ 64. Kg5 Rf2 65. Rg7+ Kb6 66. Rg6 Kc5 67. Rd1 Rg2+ 68. Kf6 Rf2+ 69. Kg7 Kb5 70. Rg5+ c5 71. Rc1 Rf4 72. Rgxc5+ Kb4 73. Kg6 Rg4+ 74. Kf5 Rh4 75. Rc8 Rh5+ 76. Kg4 Rd5 77. Rb8+ Ka4 78. Ra1# 1-0


[Site "https://www.chess.com"]